 Dungeon Crawl Stone Soup version 0.25-a0-1113-g0499d652a8 (webtiles) character file.

Game seed: 7211209091232378700, levelgen mode: deterministic

35 Esekla the Magician (level 3, -7/22 HPs)
             Began as an Octopode Wizard on May 16, 2020.
             Mangled by a worker ant (8 damage)
             ... on level 2 of the Dungeon.
             The game lasted 00:06:46 (1028 turns).

Esekla the Magician (Octopode Wizard)               Turns: 1028, Time: 00:06:47

Health: -7/22      AC:  1    Str:  6    XL:     3   Next: 33%
Magic:  4/8        EV: 13    Int: 21    God:
Gold:   30         SH:  0    Dex: 10    Spells: 0/9 levels left

rFire    . . .     SeeInvis .   b - +0 short sword
rCold    . . .     Gourm    .   (no shield)
rNeg     . . .     Faith    .   a - +0 hat
rPois    .         Spirit   .   (no amulet)
rElec    .         Reflect  .   (no ring)
rCorr    .         Harm     .   (no ring)
MR       .....                  (no ring)
Stlth    +++.......             (no ring)
HPRegen  0.07/turn              (no ring)
MPRegen  0.11/turn              (no ring)
                                (no ring)
                                (no ring)

@: lethally poisoned (-7 -> -22)
A: almost no armour, stealthy swim, amphibious, 8 rings, constrict 8, camouflage
1, gelatinous body 1
a: no special abilities


You were on level 2 of the Dungeon.
You were not hungry.

You visited 1 branch of the dungeon, and saw 2 of its levels.

You collected 30 gold pieces.

Inventory:

Hand Weapons
 b - a +0 short sword (weapon)
Armour
 a - a +0 hat (worn)
Scrolls
 d - 3 scrolls of identify {unknown}
 g - a scroll of immolation {unknown}
Potions
 e - a potion of heal wounds {unknown}
 f - a potion of lignification {unknown}
Comestibles
 c - a ration


   Skills:
 * Level 0.4 Fighting
 + Level 2.5 Dodging
 - Level 2.9 Stealth
 * Level 3.5 Spellcasting
 * Level 1.2 Conjurations
   Level 1.0 Summonings
 * Level 1.1 Translocations


You couldn't memorise any spells.
You knew the following spells:

 Your Spells              Type           Power        Failure   Level  Hunger
a - Magic Dart            Conj           #...         8%          1    None
b - Blink                 Tloc           N/A          12%         2    ##.....
c - Mephitic Cloud        Conj/Pois/Air  #.......     32%         3    ###....
f - Conjure Flame         Conj/Fire      #.......     28%         3    ###....

Your spell library contained the following spells:

 Spells                   Type           Power        Failure   Level  Hunger
 Call Imp                 Summ           #.......     13%         2    ##.....
 Slow                     Hex            #.......     19%         2    ##.....


Dungeon Overview and Level Annotations

Branches:
Dungeon (2/15)

Altars:


Innate Abilities, Weirdness & Mutations

You cannot wear most types of armour.
You are very stealthy in the water. (Stealth+)
You are amphibious.
You can wear up to eight rings at the same time.
You can use your tentacles to constrict eight enemies at once.
Your skin changes colour to match your surroundings (Stealth+).
Your rubbery body absorbs attacks. (AC +1, EV +1)


Message History

Confirm with . or Enter, or press ? or * to list all spells.
Aiming: Magic Dart (safe; 8% risk of failure)
Press: ? - help, Shift-Dir - straight line, f/p - worker ant
Aim: a worker ant (moderately wounded, constricted by you)
The magic dart hits the worker ant but does no damage.
The worker ant is moderately wounded.
You constrict the worker ant, but do no damage.
You feel sick. The worker ant bites you!
* * * LOW HITPOINT WARNING * * *
Casting: Magic Dart (safe; 8% risk of failure)
Confirm with . or Enter, or press ? or * to list all spells.
Aiming: Magic Dart (safe; 8% risk of failure)
Press: ? - help, Shift-Dir - straight line, f/p - worker ant
Aim: a worker ant (moderately wounded, constricted by you)
The magic dart hits the worker ant but does no damage.
The worker ant is moderately wounded.
You constrict the worker ant, but do no damage.
* * * LOW HITPOINT WARNING * * *
You feel sick. The worker ant bites you!
You die...

#.........$..
#..............
#.#...†........
#.##.#.# ...# #.##...#
#..# #.####.# #...
#.####.# #..###
#...##.## #....##
###..#..####.@...#.
##..<..##...a......
#.........#..†.......
#.......a.#..........
#............>...###.
..........<........#
.........(..........#
............#........#
............##......##


You could see a worker ant.

Vanquished Creatures
  An adder (D:2)
  An ooze (D:1)
  3 bats
  A giant cockroach (D:2)
  5 goblins (D:1)
  5 kobolds
  2 frilled lizards (D:1)
  3 rats
21 creatures vanquished.

Notes
Turn   | Place    | Note
-------+----------+-------------------------------------------
     0 | D:1      | Esekla the Octopode Wizard began the quest for the Orb.
     0 | D:1      | Reached XP level 1. HP: 11/11 MP: 4/4
   128 | D:1      | Reached XP level 2. HP: 15/17 MP: 6/6
   139 | D:1      | Learned a level 2 spell: Blink
   895 | D:2      | Reached XP level 3. HP: 20/21 MP: 4/7
   912 | D:1      | Learned a level 3 spell: Mephitic Cloud
   916 | D:1      | Learned a level 3 spell: Conjure Flame
  1028 | D:2      | HP: 1/22 [poisoned by a worker ant]
  1028 | D:2      | Mangled by a worker ant

Illustrated notes

Levels and vault maps discovered:
D:1:      lordsloth_arrival_two_stooges, layout_basic
D:2:      layout_rooms, lemuel_crystal_altar, skrybe_limestone_x

Action                   || total
-------------------------++-------
Melee: Short sword       ||    25
       Constrict         ||    10
       Unarmed           ||     4
       Tentacles         ||     5
 Cast: Magic Dart        ||    32
       Blink             ||     1
 Stab: Sleeping          ||     1
Armor: Skin              ||     3
Dodge: Dodged            ||    40

Table legend:
 A = Non-vault XP
 B = Vault XP
 C = Vault XP percentage of total XP
 D = Non-vault monster count
 E = Vault monster count
 F = Vault count percentage of total count
                 A         B        C        D         E       F
            +---------+---------+-------+---------+---------+-------
      Total |      50 |       0 |   0.0 |      21 |       0 |   0.0
            +---------+---------+-------+---------+---------+-------
        D:1 |      30 |       0 |   0.0 |      16 |       0 |   0.0
        D:2 |      20 |       0 |   0.0 |       5 |       0 |   0.0
            +---------+---------+-------+---------+---------+-------
